 Dungeon Crawl Stone Soup version 0.29-a0-330-g52719c12eb (webtiles) character file.

Game seed: 6833241753725333739

16 jt the Sneak (level 2, -1/16 HPs)
             Began as a Vine Stalker Delver on Apr 15, 2022.
             Succumbed to a kobold brigand's curare-tipped dart
             ... in a sewer.
             The game lasted 00:01:20 (288 turns).

jt the Sneak (Vine Stalker Delver)                   Turns: 288, Time: 00:01:21

Health: -1/16      AC:  3    Str: 14    XL:     2   Next: 58%
Magic:  1/3        EV: 11    Int: 10    God:
Gold:   14         SH:  0    Dex: 15    Spells: 1/1 levels left

rFire   . . .      SeeInvis .   a - +0 short sword
rCold   . . .      Faith    .   (no shield)
rNeg    . . .      Spirit   +   b - +0 leather armour
rPois   .          Reflect  .   d - +0 hat
rElec   .          Harm     .   (no cloak)
rCorr   .          Rampage  .   (no gloves)
Will    .....                   (no boots)
Stlth   +++.......              (no amulet)
HPRegen 0.05/turn               (no ring)
MPRegen 0.08/turn               (no ring)

@: lethally poisoned (-1 -> -8), hasted and slowed
A: fangs 2, magic shield, antimagic bite, no potion heal 2
a: no special abilities


You were in a sewer.
You visited 1 branch of the dungeon, and saw 1 of its levels.
You also visited: Sewer.

You collected 14 gold pieces.

Inventory:

Hand Weapons
 a - a +0 short sword (weapon)
Armour
 b - a +0 leather armour (worn)
 d - a +0 hat (worn)
Wands
 g - a wand of digging (3)
Scrolls
 c - a scroll of fog


   Skills:
 + Level 3.0 Fighting
 + Level 2.1 Short Blades
 - Level 1.5 Dodging
 + Level 6.3 Stealth


You had one spell level left.
You didn't know any spells.
Your spell library was empty.

Dungeon Overview and Level Annotations

Branches:
Dungeon (5/15)              Sewer (1/1)
 Temple: D:4-7

Altars:


Innate Abilities, Weirdness & Mutations

You have extremely sharp teeth.
When hurt, damage is shared between your health and your magic reserves.
Your bite disrupts and absorbs the magic of your enemies.
Potions cannot restore your health.


Message History

Press: ? - help, v - describe, . - travel, g - get item
Here: a kobold, wielding a +2 dagger of speed
Items here: a +1 dagger of pain; a kobold corpse.
Some shallow water.
Okay, then.
Okay, then.
You hit the kobold but do no damage. Your bite misses the kobold.
You hit the kobold brigand.
The kobold brigand is lightly wounded.
You feel yourself speed up.
You closely miss the kobold brigand.
The kobold brigand is lightly wounded.
The kobold brigand barely misses you.
Okay, then.
Okay, then.
You barely miss the kobold brigand.
The kobold brigand is lightly wounded.
The kobold brigand hits you with a +0 club.
You closely miss the kobold brigand. You bite the kobold brigand.
You drain its power.
The kobold brigand is lightly wounded.
You closely miss the kobold brigand. Your bite misses the kobold brigand.
The kobold brigand is lightly wounded.
The kobold brigand hits you with a +0 club.
The kobold brigand throws a curare-tipped dart.
The curare-tipped dart hits you.
You are lethally poisoned!
You have difficulty breathing.
* * * LOW HITPOINT WARNING * * *
You feel yourself slow down.
As you read the scroll of fear, it crumbles to dust.
You assume a fearsome visage.
The jackal looks frightened!
The kobold looks frightened! x3; The kobold brigand looks frightened!
The kobold looks frightened!
The kobold brigand looks frightened!
* * * LOW HITPOINT WARNING * * *
You feel sick.
You aren't carrying any potions.
Okay, then.
Okay, then.
You die...

##.≈≈≈≈##
#..≈≈≈≈.################
#..≈≈≈≈≈≈≈≈≈≈≈≈≈≈≈≈≈≈≈≈≈
#≈.≈≈≈.≈################
#..≈≈≈..# #.≈≈≈≈≈.#
#≈≈≈≈≈≈≈# #.≈≈≈≈≈≈#
#.≈≈≈≈≈@# #.≈≈KK).#
#..KhK≈.# ####K#### ...
.K.. ##.. #.


You could see 2 kobold brigands, a jackal (fleeing) and 4 kobolds.

Vanquished Creatures
  A river rat (Sewer)
  An orc (D:5)
  3 giant cockroaches (D:5)
  A kobold (Sewer)
  A rat (Sewer)
7 creatures vanquished.

Notes
Turn   | Place    | Note
-------+----------+-------------------------------------------
     0 | D:5      | jt the Vine Stalker Delver began the quest for the Orb.
     0 | D:5      | Reached XP level 1. HP: 11/11 MP: 2/2
    92 | D:5      | Found a glowing drain.
   202 | Sewer    | Entered a sewer
   206 | Sewer    | Reached XP level 2. HP: 14/16 MP: 3/3
   274 | Sewer    | Noticed a kobold brigand
   276 | Sewer    | Noticed a kobold brigand
   288 | Sewer    | Succumbed to a kobold brigand's curare-tipped dart

Illustrated notes

Levels and vault maps discovered:
D:5:      layout_loops_corners, portal_sewer_entry_a, grunt_decor_arrowhead,
          minmay_misc_feat_columns, dreamdust_mushroom_princess,
          dk_noncrumbling_3, uniq_prince_ribbit1
Sewer:    sewer_kobolds

Skill      XL: |  1  2 |
---------------+-------+-----
Short Blades   | 2 |  2.1
Fighting       | 3 |  3.0
Dodging        | |  1.5
Stealth        | |  6.3

Action                   || total
-------------------------++-------
Melee: Short sword       ||    26
       Bite              ||     5
  Use: Scroll            ||     2
       Potion            ||     1
 Stab: Sleeping          ||     2
Armor: Leather armour    ||     6
Dodge: Dodged            ||    16

Table legend: (Time is in decaauts)
 A = Elapsed time spent in this place.
 B = Non-inter-level travel time spent in this place.
 C = Inter-level travel time spent in this place.
 D = Time resting spent in this place.
 E = Time spent auto-exploring this place.
 F = Levels seen in this place.
 G = Mean time per level.
                   A        B        C        D        E       F      G
               +--------+--------+--------+--------+--------+-----+--------+
         Total |    303 |    303 |      0 |     85 |      0 |   2 |  151.5 |
       Dungeon |    203 |    203 |      0 |     75 |      0 |   1 |  203.0 |
         Sewer |    100 |    100 |      0 |     10 |      0 |   1 |  100.0 |
               +--------+--------+--------+--------+--------+-----+--------+

Top non-repeatable levels by time:
     D:5: 203 daAuts
   Sewer: 100 daAuts
